 Dungeon Crawl Stone Soup version 0.24-a0-251-g44e327ef01 (webtiles) character file.

Game seed: 7762503137695296507

329 Redear the Ducker (level 6, -5/43 HPs)
             Began as an Octopode Fighter on Apr 17, 2019.
             Slain by Grinder (6 damage)
             ... while paralysed by Grinder
             ... on level 4 of the Dungeon.
             The game lasted 00:05:57 (2474 turns).

Redear the Ducker (Octopode Fighter)                Turns: 2474, Time: 00:05:57

Health: -5/43      AC:  6    Str: 20    XL:     6   Next: 51%
Magic:  6/6        EV:  2    Int: 11    God:
Gold:   68         SH:  0    Dex: 13    Spells: 5/5 levels left

rFire    . . .     SeeInvis .   l - +0 short sword (drain)
rCold    . . .     Gourm    .   j - +0 buckler
rNeg     . . .     Faith    .   (helmet restricted)
rPois    .         Spirit   .   (no amulet)
rElec    .         Reflect  .   g - +5 ring of protection
rCorr    .         Harm     .   t - ring of flight {+Fly}
MR       .....                  (no ring)
Stlth    +++.......             (no ring)
HPRegen  0.14/turn              (no ring)
MPRegen  0.10/turn              (no ring)
                                (no ring)
                                (no ring)

@: paralysed, mighty
A: almost no armour, stealthy swim, amphibious, 8 rings, constrict 8, camouflage
1, gelatinous body 1
a: Evoke Flight


You were on level 4 of the Dungeon.
You were very hungry.

You visited 1 branch of the dungeon, and saw 4 of its levels.

You collected 68 gold pieces.

Inventory:

Hand Weapons
 a - a +0 long sword
 l - a +0 short sword of draining (weapon)
Missiles
 i - 14 javelins (quivered)
 w - 29 bolts
Armour
 b - a +0 shield
 j - a +0 buckler (worn)
Jewellery
 g - a +5 ring of protection (left tentacle)
 t - a ring of flight (right tentacle) {+Fly}
Scrolls
 e - a scroll of magic mapping {unknown}
 h - 2 scrolls of teleportation {unknown}
 n - a scroll of identify {unknown}
 q - a scroll of enchant armour {unknown}
 r - a scroll of noise {unknown}
 u - a scroll of immolation {unknown}
 v - 2 scrolls of remove curse {unknown}
Potions
 d - a potion of flight {unknown}
 f - 2 potions of brilliance {unknown}
 k - a potion of degeneration {unknown}
 m - a potion of curing {unknown}
 o - a potion of lignification {unknown}
 p - 2 potions of resistance {unknown}
 s - a potion of heal wounds {unknown}
Comestibles
 z - 4 rations


   Skills:
 + Level 4.1 Fighting
 + Level 3.3 Long Blades
 + Level 4.1 Dodging
 + Level 3.8 Stealth
 + Level 4.1 Shields


You had 5 spell levels left.
You didn't know any spells.
Your spell library was empty.

Dungeon Overview and Level Annotations

Branches:
Dungeon (4/15)
 Temple: D:4-7

Altars:

Annotations:
D:4 Grinder, Pikel


Innate Abilities, Weirdness & Mutations

You cannot wear most types of armour.
You are very stealthy in the water. (Stealth+)
You are amphibious.
You can wear up to eight rings at the same time.
You can use your tentacles to constrict eight enemies at once.
Your skin changes colour to match your surroundings (Stealth+).
Your rubbery body absorbs attacks. (AC +1, EV +1)


Message History

Grinder hits you but does no damage.
Press: ? - help, v - describe, . - travel
Here: Grinder (heavily wounded)
The floor.
Unknown command.
Okay, then.
Okay, then.
Unknown command.
You puncture Grinder! Your grab misses Grinder. Your squeeze misses Grinder.
Grinder is almost dead.
Grinder barely misses you.
Unknown command.
You hit Grinder but do no damage. Your grab misses Grinder.
Grinder is almost dead.
Grinder gestures at you.
You suddenly lose the ability to move!
Grinder hits you.
* * * LOW HITPOINT WARNING * * *
Grinder hits you.
You die...

..$
..............
...
.............
..
#............
#............
#............
#.........
#.....# #5# #
#@# .. #.#
#.#)###
#.....#########
####..........#
#..........#
##.........#
#.......<.#
#.......<.#


You could see Grinder.

Vanquished Creatures
  Duvessa (D:4)
  Dowan (D:4)
  An iguana (D:4)
  6 adders (D:2)
  3 worms
  6 dart slugs
  2 leopard geckos
  6 orcs (D:3)
  7 giant cockroaches
  4 goblins
  4 hobgoblins
  3 jackals (D:3)
  4 kobolds
  A ball python (D:3)
  3 bats
  7 frilled lizards
  A jackal skeleton (D:4)
  10 rats
70 creatures vanquished.

Notes
Turn   | Place    | Note
-------+----------+-------------------------------------------
     0 | D:1      | Redear the Octopode Fighter began the quest for the Orb.
     0 | D:1      | Reached XP level 1. HP: 16/16 MP: 1/1
   132 | D:1      | Reached XP level 2. HP: 19/21 MP: 2/2
   182 | D:1      | Reached skill level 1 in Stealth
   511 | D:1      | Reached XP level 3. HP: 26/26 MP: 3/3
  1035 | D:2      | Reached skill level 2 in Stealth
  1090 | D:2      | Reached XP level 4. HP: 18/31 MP: 4/4
  1265 | D:2      | Found a faded altar of an unknown god.
  1521 | D:3      | Reached XP level 5. HP: 8/36 MP: 5/5
  2364 | D:4      | Noticed Pikel
  2364 | D:4      | Noticed a slave
  2364 | D:4      | Noticed a slave
  2420 | D:4      | Noticed Grinder
  2421 | D:4      | Noticed Duvessa
  2421 | D:4      | Noticed Dowan
  2436 | D:4      | Killed Duvessa
  2436 | D:4      | Reached skill level 4 in Fighting
  2436 | D:4      | Reached skill level 3 in Long Blades
  2436 | D:4      | Reached skill level 3 in Stealth
  2436 | D:4      | Reached XP level 6. HP: 41/43 MP: 6/6
  2438 | D:4      | Reached skill level 4 in Dodging
  2438 | D:4      | Reached skill level 4 in Shields
  2438 | D:4      | Paralysed by Grinder for 5 turns
  2458 | D:4      | Killed Dowan
  2463 | D:4      | Paralysed by Grinder for 7 turns
  2469 | D:4      | HP: 4/43 [Grinder (4)]
  2472 | D:4      | Paralysed by Grinder for 4 turns
  2473 | D:4      | HP: 1/43 [Grinder (3)]
  2474 | D:4      | Slain by Grinder

Levels and vault maps discovered:
D:1:      saegor_arrival_miasma, layout_basic
D:2:      layout_rooms, chequers_ecumenical_altar_simple
D:3:      layout_rooms, serial_corexii_hall, chequers_hall_statues_y,
          corexii_hall_statues_u, grunt_decor_cap, kennysheep_generic_room_5
D:4:      layout_rooms, minmay_temple_entry_statues_fountains, first_ration,
          uniq_grinder, uniq_pikel, uniq_duvessa

Skill      XL: |  1  2  3  4  5  6 |
---------------+-------------------+-----
Stealth        | 1 2 3 |  3.8
Fighting       | 4 |  4.1
Long Blades    | 3 |  3.3
Dodging        | 4 |  4.1
Shields        | 4 |  4.1

Action                   |  1- 3 |  4- 6 || total
-------------------------+-------+-------++-------
Melee: Long sword        |    56 |    38 ||    94
       Constrict         |    20 |    22 ||    42
       Tentacles         |     7 |    20 ||    27
       Short sword       |       |    48 ||    48
Throw: Javelin           |     2 |       ||     2
  Use: Potion            |       |     1 ||     1
 Stab: Sleeping          |     3 |    10 ||    13
       Distracted        |     1 |       ||     1
  Eat: Chunk             |       |     4 ||     4
Armor: Skin              |    10 |    26 ||    36
Dodge: Dodged            |    29 |    51 ||    80
Block: Shield            |    20 |       ||    20
       Buckler           |       |    20 ||    20
       Rpst.: Long sword |    11 |     6 ||    17

Table legend:
 A = Non-vault XP
 B = Vault XP
 C = Vault XP percentage of total XP
 D = Non-vault monster count
 E = Vault monster count
 F = Vault count percentage of total count
                 A         B        C        D         E       F
            +---------+---------+-------+---------+---------+-------
      Total |     237 |     234 |  49.7 |      65 |       5 |   7.1
            +---------+---------+-------+---------+---------+-------
        D:1 |      43 |       0 |   0.0 |      23 |       0 |   0.0
        D:2 |     101 |       0 |   0.0 |      17 |       0 |   0.0
        D:3 |      51 |       7 |  12.1 |      22 |       3 |  12.0
        D:4 |      42 |     227 |  84.4 |       3 |       2 |  40.0
            +---------+---------+-------+---------+---------+-------
